AoeStats
← tbzachary

Arena

508572126Analyzed
1v1 RM · 10d ago on Sep 23, 2026· 46m 46s· 2 players
Game mode
Random Map
Map size
Tiny (2 player)
Population
200
Speed
Normal
Resources
Standard
Victory
Conquest
Starting age
Dark Age
Ending age
Imperial Age
RankedLock teamsTeams togetherTeam positionsShared explorationLock speedFull tech treeHidden civsTurbo modeCheats
Victory
Defeat
🇲🇽 Varangians · Mexico
812
+14
🇺🇸 Khmer · United States
778
-14
tbzachary
8:25 Loom
10:31 Feudal Age
17:09 Castle Age
15:44 Double-Bit Axe
16:02 Horse Collar
17:36 Forging
17:36 Stone Mining
22:02 Bloodlines
21:53 Husbandry
24:50 Light Cavalry
28:27 Scale Barding Armor
29:25 Tusk Swords
30:23 Iron Casting
35:47 Imperial Age
34:24 Bow Saw
34:28 Heavy Plow
35:21 Gold Mining
36:07 Stone Shaft Mining
36:44 Hussar
40:05 Chemistry
39:25 Ballistics
39:12 Siege Engineers
38:31 Heavy Scorpion
42:51 Blast Furnace
41:51 Scale Mail Armor
42:16 Chain Barding Armor
42:40 Pikeman
43:21 Halberdier
44:21 Double Crossbow
Lord Daiki
11:29 Feudal Age
13:49 Loom
16:25 Castle Age
15:01 Scale Mail Armor
16:09 Wheelbarrow
15:25 Double-Bit Axe
15:23 Horse Collar
21:51 Town Watch
22:36 Arson
25:50 Fervor
27:58 Wheelbarrow
27:38 Bow Saw
27:22 Gold Mining
27:22 Stone Mining
29:14 Hand Cart
33:41 Forging
33:23 Fletching
33:33 Padded Archer Armor
33:00 Vendel Legacy
35:25 Husbandry
37:20 Bloodlines
40:33 Imperial Age
37:51 Light Cavalry
39:07 Scale Barding Armor
39:56 Squires
39:41 Gambesons
41:04 Heavy Plow
40:37 Hussar
42:20 Cavalier
43:57 Iron Casting
43:44 Chain Barding Armor
44:27 Conscription
45:18 Chemistry
44:16 Murder Holes
44:34 Masonry
46:14 Two-Man Saw
45:58 Pikeman
45:59 Elite Varangian Guard
48:00 Blast Furnace
Connection lost

Rejoining the realm…

Still unreachable

The connection could not be restored.

Session expired

The server has moved on; the page needs a fresh start.